 Dungeon Crawl Stone Soup version 0.15.1-1-gfacfea3 (webtiles) character file.

23 Kashira the Chiller (level 2, 0/11 HPs)
             Began as a Felid Ice Elementalist on Sept 21, 2014.
             Slain by an adder (3 damage)
             ... on Level 2 of the Dungeon.
             The game lasted 00:03:14 (1531 turns).

Kashira the Chiller (Felid Ice Elementalist)        Turns: 1531, Time: 00:03:14

HP   0/11        AC  1     Str  4      XL: 2   Next: 75%
MP   0/5         EV 18     Int 16      God:
Gold 57          SH  0     Dex 16      Spells:  2 memorised,  2 levels left
Lives: 0, deaths: 0

rFire  . . .     SeeInvis +     (weapon unavailable)
rCold  . . .     Clarity  .     (armour unavailable)
rNeg   . . .     rCorr    .     (shield unavailable)
rPois  .         rRot     .     (helmet unavailable)
rElec  .         Spirit   .     (cloak unavailable)
SustAb .         Warding  .     (gloves unavailable)
rMut   .         Stasis   .     (boots unavailable)
Gourm  .                        (no amulet)
MR     .....                    (no ring)
                                (no ring)

@: lethally poisoned, very slightly contaminated, quick, not resistant to
hostile enchantments, fairly stealthy
A: paw claws, no armour, no weapons or thrown items, fangs 3, see invisible,
carnivore 3, speed 1, shaggy fur 1, slow metabolism 1, jump 1
a: Jump Attack


You were on level 2 of the Dungeon.
You were very full.

You visited 1 branch of the dungeon, and saw 2 of its levels.

You collected 57 gold pieces.

Inventory:

Comestibles
 a - 2 rotting chunks of hobgoblin flesh
 c - a meat ration
Scrolls
 d - a scroll of noise {unknown}
 e - a scroll of amnesia {unknown}
 f - a scroll of identify {unknown}
 g - a scroll of random uselessness {unknown}
Potions
 h - a potion of cancellation {unknown}
Books
 b - a book of Frost

   Spells                             Type                      Level
   *Freeze                            Ice                          1
   *Throw Frost                       Conjuration/Ice              2
   Ozocubu's Armour                   Charms/Ice                   3
   Throw Icicle                       Conjuration/Ice              4
   Summon Ice Beast                   Ice/Summoning                4
   Condensation Shield                Ice                          4


   Skills:
 + Level 2.8 Dodging
 + Level 3.0 Stealth
 + Level 2.2 Spellcasting
 + Level 1.0 Conjurations
 + Level 3.3 Ice Magic


You had 2 spell levels left.
You knew the following spells:

 Your Spells              Type           Power        Failure   Level  Hunger
a - Freeze                Ice            ##..         8%          1    #......
b - Throw Frost           Conj/Ice       #.....       14%         2    ##.....


Dungeon Overview and Level Annotations

Branches:
Dungeon (2/15)

Altars:


Innate Abilities, Weirdness & Mutations

You cannot wear armour.
You are incapable of wielding weapons or throwing items.
Your paws have sharp claws.
You have razor-sharp teeth.
You have supernaturally acute eyesight.
You are carnivorous and can eat meat at any time.
You cover ground quickly.
You are covered in fur (AC +1).
You have a slow metabolism.
You can jump attack at a short distance.


Message History

Casting: Freeze
Confirm with . or Enter, or press ? or * to list all spells.
You don't have enough magic to cast that spell.
Unknown command.
You closely miss the adder.
The adder is almost dead.
The adder bites you.
You barely miss the adder.
The adder is almost dead.
You feel sick. The adder bites you.
You are more poisoned.
The adder poisons you!
You miss the adder.
The adder is almost dead.
The adder misses you.
You barely miss the adder.
The adder is almost dead.
* * * LOW HITPOINT WARNING * * *
You feel sick. The adder bites you.
You die...

.####.#####.. ..# #.#.#
.#..........# ### #.#.#
.#.##.#####.# #># .#.##.# #.#
#.# ......#####.# #.#
............#########.#.#
##.##.................#.#
......#......(...######.#####
##.##...###.####@#
###....(### ##.##.### #.# #S#
#.........# #.##.# #.# #.#
#.#####.#.# #.##.# #.# #.#
#.# #.#.# #..... ..# #.# #.#
#.#.# ####.# ### #.# #.#
##.#.# #.# #.# #.# #..#.# #.#
#.# #.##.# #.# #.# #.##.#


You could see an adder.

Vanquished Creatures
  An ooze (D:1)
  A giant cockroach (D:2)
  3 hobgoblins
  4 kobolds
  3 bats (D:1)
  2 giant newts (D:1)
  4 goblins (D:1)
  2 jackals (D:1)
  3 rats (D:1)
23 creatures vanquished.

Notes
Turn   | Place    | Note
--------------------------------------------------------------
     0 | D:1      | Kashira, the Felid Ice Elementalist, began the quest for the Orb.
     0 | D:1      | Reached XP level 1. HP: 7/7 MP: 4/4
   361 | D:1      | Reached skill level 3 in Ice Magic
   450 | D:1      | Reached XP level 2. HP: 11/11 MP: 0/5
   636 | D:1      | Learned a level 2 spell: Throw Frost
   789 | D:1      | Reached skill level 1 in Conjurations
  1531 | D:2      | Slain by an adder

Action                   || total
-------------------------++-------
Melee: Unarmed           ||    16
 Cast: Freeze            ||    36
       Throw Frost       ||     5
 Abil: Jump Attack       ||     1
  Use: Scroll            ||     3
  Eat: Chunk             ||     9
